AoeStats
← Noobieski

Arena

509861369Analyzed
1v1 RM · 4d ago on Sep 28, 2026· 41m 18s· 2 players
Game mode
Random Map
Map size
Tiny (2 player)
Population
200
Speed
Normal
Resources
Standard
Victory
Conquest
Starting age
Dark Age
Ending age
Imperial Age
RankedLock teamsTeams togetherTeam positionsShared explorationLock speedFull tech treeHidden civsTurbo modeCheats
Victory
Defeat
🇨🇳 Mongols · China
1116
+15
🇨🇳 Wu · China
1092
-15
Noobieski
5:04 Loom
10:32 Feudal Age
15:16 Castle Age
13:25 Double-Bit Axe
14:04 Horse Collar
21:47 Wheelbarrow
25:25 Gold Mining
29:21 Imperial Age
27:16 Forging
26:31 Light Cavalry
27:39 Bloodlines
28:06 Bow Saw
28:14 Heavy Plow
29:42 Husbandry
29:48 Scale Barding Armor
29:38 Hussar
30:43 Hand Cart
30:15 Town Watch
31:37 Two-Man Saw
31:44 Conscription
31:41 Stone Mining
31:40 Elite Skirmisher
33:34 Iron Casting
33:57 Pikeman
34:37 Squires
34:31 Fletching
34:42 Padded Archer Armor
36:50 Gold Shaft Mining
36:48 Ballistics
38:35 Blast Furnace
39:06 Halberdier
40:20 Scale Mail Armor
Mr.Jay
10:24 Feudal Age
13:57 Castle Age
12:11 Double-Bit Axe
14:24 Man-at-Arms
20:14 Loom
21:17 Horse Collar
21:56 Bow Saw
22:39 Heavy Plow
27:55 Wheelbarrow
27:22 Stone Mining
27:22 Gold Mining
29:36 Hand Cart
29:09 Town Watch
32:30 Imperial Age
30:29 Town Patrol
30:25 Fletching
30:35 Padded Archer Armor
30:40 Scale Barding Armor
30:47 Forging
31:04 Masonry
31:08 Husbandry
31:19 Bloodlines
31:45 Bodkin Arrow
32:06 Leather Archer Armor
32:27 Ballistics
31:40 Pikeman
32:54 Chain Barding Armor
34:05 Iron Casting
34:30 Bracer
33:56 Elite Steppe Lancer
36:37 Blast Furnace
36:41 Siege Engineers
37:37 Chemistry
37:26 Conscription
38:10 Elite Skirmisher
39:16 Parthian Tactics
38:11 Heavy Cavalry Archer
39:42 Hoardings
39:29 Drill
40:29 Elite Mangudai
Connection lost

Rejoining the realm…

Still unreachable

The connection could not be restored.

Session expired

The server has moved on; the page needs a fresh start.